 Dungeon Crawl Stone Soup version 0.28.0-47-ge53b351184 (webtiles) character file.

Game seed: 17169410461464901049

6 subsume the Chiller (level 1, 0/14 HPs)
             Began as a Ghoul Ice Elementalist on May 4, 2022.
             Slain by a jackal (2 damage)
             ... on level 1 of the Dungeon.
             The game lasted 00:01:35 (100 turns).

subsume the Chiller (Ghoul Ice Elementalist)         Turns: 100, Time: 00:01:37

Health: 0/14       AC:  2    Str: 11    XL:     1   Next: 90%
Magic:  0/2        EV: 12    Int: 10    God:
Gold:   0          SH:  0    Dex:  9    Spells: 2/3 levels left

rFire   . . .      SeeInvis .   (no weapon)
rCold   + . .      Faith    .   (no shield)
rNeg    + + +      Spirit   .   a - +0 robe
rPois   ∞          Reflect  .   (no helmet)
rElec   .          Harm     .   (no cloak)
rCorr   .          Rampage  .   (no gloves)
Will    .....                   (no boots)
Stlth   ++........              (no amulet)
HPRegen 0.00/turn               (no ring)
MPRegen 0.08/turn               (no ring)

@: inhibited regen
A: claws 1, cold resistance 1, negative energy resistance 3, inhibited
regeneration, torment resistance 2
a: no special abilities


You were on level 1 of the Dungeon.
You visited 1 branch of the dungeon, and saw 1 of its levels.

Inventory:

Armour
 a - a +0 robe (worn)
Scrolls
 b - a scroll of teleportation {unknown}


   Skills:
 + Level 1.9 Dodging
 + Level 2.4 Stealth
 + Level 1.9 Spellcasting
 + Level 4.4 Ice Magic


You had 2 spell levels left.
You knew the following spells:

 Your Spells              Type           Power      Damage    Failure   Level
a - Freeze                Ice            36%        1d6       4%          1

Your spell library contained the following spells:

 Spells                   Type           Power      Damage    Failure   Level
 Frozen Ramparts          Ice            18%        1d3       16%         3
 Ozocubu's Armour         Ice            9%         N/A       16%         3
 Hailstorm                Conj/Ice       5%         3d4       77%         4


Dungeon Overview and Level Annotations

Branches:
Dungeon (1/15)

Altars:


Innate Abilities, Weirdness & Mutations

You thrive by killing the living.
You are immune to poison.
You have sharp fingernails.
Your flesh is cold resistant. (rC+)
You are immune to negative energy. (rN+++)
You do not regenerate when monsters are visible.
You are immune to unholy pain and torment.


Message History

The jackal barely misses you. The jackal bites you.
You barely miss the jackal.
The jackal is severely wounded.
The jackal barely misses you.
Casting: Freeze (safe; 4% risk of failure)
Confirm with . or Enter, or press ? or * to list all spells.
Aiming: Freeze (safe; 4% risk of failure)
Press: ? - help, Shift-Dir - straight line, f/p - jackal
Aim: a jackal (severely wounded)
You freeze the jackal.
The jackal is almost dead.
The jackal closely misses you. The jackal bites you.
* * * LOW HITPOINT WARNING * * *
The jackal bites the plant.
The plant begins to die.
You completely miss the jackal.
The jackal is almost dead.
The jackal barely misses you.
The jackal bites the plant.
You scratch the jackal.
You kill the jackal!
You feel better.
You closely miss the jackal. The jackal bites you. x2
* * * LOW HITPOINT WARNING * * *
The goblin hits the plant with a +0 club.
You closely miss the jackal. The jackal bites you.
* * * LOW HITPOINT WARNING * * *
The goblin hits the plant with a +0 club.
You barely miss the jackal.
A nearby plant withers and dies.
The jackal bites you.
* * * LOW HITPOINT WARNING * * *
The jackal bites you but does no damage.
Casting: Freeze (safe; 4% risk of failure)
Confirm with . or Enter, or press ? or * to list all spells.
Aiming: Freeze (safe; 4% risk of failure)
Press: ? - help, Shift-Dir - straight line, f - jackal
Aim: a jackal You freeze the jackal.
The jackal is moderately wounded.
The jackal bites you.
You die...

..+.......#
....P#...##
.P♣......#
......P♣♣...#.##
...P.P♣P.P....#
#+)P.PP♣P♣P....#
#..P..♣♣♣♣♣♣...#
...♣P♣♣♣♣...#.# #
#...♣♣..@.##.#
#.. #...♣.hP###.#
.....#..♣†g.###.#
#...............#
##..#############
.... ###


You could see a jackal and a goblin.

Vanquished Creatures
  A ball python (D:1)
  A hobgoblin (D:1)
  A jackal (D:1)
  A frilled lizard (D:1)
  2 rats (D:1)
6 creatures vanquished.

Vanquished Creatures (others)
  A plant (D:1)
1 creature vanquished.

Grand Total: 7 creatures vanquished

Notes
Turn   | Place    | Note
-------+----------+-------------------------------------------
     0 | D:1      | subsume the Ghoul Ice Elementalist began the quest for the
                  | Orb.
     0 | D:1      | Reached XP level 1. HP: 14/14 MP: 2/2
   100 | D:1      | Slain by a jackal

Illustrated notes

Levels and vault maps discovered:
D:1:      kennysheep_arrival_forest, layout_loops_corners, serial_forest,
          infiniplex_forest_clump_cross, infiniplex_forest_join,
          infiniplex_forest_straight_2, infiniplex_forest_straight_5,
          infiniplex_forest_end_2, shapermc_ecumenical_altar_starsandcircs,
          chequers_serial_rivers_micro_c, grunt_decor_junction

Action                   || total
-------------------------++-------
Melee: Unarmed           ||    22
 Cast: Freeze            ||     4
Armor: Robe              ||     5
Dodge: Dodged            ||    26
